Match 26752554
Unlisted

Match 26752554
End
Construct Infanterie Kompanie
Selects Luftwaffe Battlegroup
Selects Luftwaffe Pioneer Support
Fallschirmpioneer Squad Paradrop
MG 42 Machine Gun Team
Fallschirmpioneer Squad Paradrop
Construct Panzergrenadier Kompanie
Panzergrenadier Squad
251 Medium Carrier
Selects LG40 Recoilless Gun Paradrop
Selects LG40 Recoilless Gun Paradrop
Selects LG40 Recoilless Gun Paradrop
Support Elements
Nebelwerfer 42 Rocket Launcher Team
LG40 Recoilless Gun Paradrop
Selects Stuka Strafing Run
Selects Fallschirmjäger Squad Paradrop
Selects Flak 36 Anti-tank Gun Emplacement
Construct Panzer Kompanie
Selects Stuka Strafing Run
Panzer IV Medium Tank
Selects Fallschirmjäger Squad Paradrop
Selects Fallschirmjäger Squad Paradrop
Fallschirmjäger Squad Paradrop
Panzer IV Medium Tank
Side Skirts
Panzer Officer Quarters
jp
BlauBarschBube
iceman
MufasaMufasaMufasa
LukeXDNL
Klappstuhl
0
0

Comments sign in to comment!

No comments posted yet!